 Dungeon Crawl Stone Soup version 0.19.1-1-g22dce08 (webtiles) character file.

513 Gargoyl the Covered (level 7, -7/60 HPs)
             Began as a Ghoul Abyssal Knight on Jan 14, 2017.
             Was a Priest of Lugonu.
             Mangled by an ogre
             ... wielding a +0 giant club
              (15 damage)
             ... on level 4 of the Dungeon.
             The game lasted 00:09:31 (3142 turns).

Gargoyl the Covered (Ghoul Abyssal Knight)          Turns: 3142, Time: 00:09:31

Health: -7/60      AC: 14    Str: 16    XL:     7   Next: 20%
Magic:  8/8        EV:  4    Int:  7    God:    Lugonu [***...]
Gold:   135        SH:  4    Dex: 10    Spells: 0 memorised, 6 levels left

rFire  . . .     SeeInvis .     t - +1 war axe
rCold  + . .     Gourm    .     e - +0 plate armour
rNeg   + + +     Faith    .     s - +1 buckler
rPois  ∞         Spirit   .     l - +0 helmet
rElec  .         Reflect  .     f - +0 cloak
rCorr  .         Harm     .     (no gloves)
MR     .....                    (no boots)
Stlth  ..........               (no amulet)
                                (no ring)
                                (no ring)

@: rotting
A: rotting body, claws 1, carnivore 3, cold resistance 1, negative energy
resistance 3, slow regeneration 1, torment resistance, unbreathing
a: Depart the Abyss, Bend Space, Banish, Renounce Religion


You were on level 4 of the Dungeon.
You worshipped Lugonu.
Lugonu was most pleased with you.
You were not hungry.

You visited 1 branch of the dungeon, and saw 4 of its levels.
You visited the Abyss 1 time.

You collected 135 gold pieces.

Inventory:

Hand Weapons
 a - a +1 hand axe
 t - a +1 war axe (weapon)
 w - a +2 hand axe of chopping
Armour
 e - a +0 plate armour (worn)
 f - a +0 cloak (worn)
 l - a +0 helmet (worn)
 s - a +1 buckler (worn)
Scrolls
 g - 3 scrolls of remove curse
Potions
 b - a potion of degeneration {unknown}
 d - a potion of mutation {unknown}
 p - 4 potions of haste {unknown}
 r - a potion of lignification {unknown}
 u - a potion of heal wounds {unknown}
 v - a potion of ambrosia {unknown}
Comestibles
 c - a meat ration
 o - a beef jerky


   Skills:
 + Level 4.3 Fighting
 + Level 3.8 Axes
 * Level 4.4 Armour
 + Level 1.5 Dodging
 + Level 0.8 Shields
 * Level 3.6 Invocations


You had 6 spell levels left.
You didn't know any spells.

Dungeon Overview and Level Annotations

Branches:
Dungeon (4/15)
 Temple: D:4-7

Altars:
Fedhas


Innate Abilities, Weirdness & Mutations

Your body is rotting away.
You thrive on raw meat.
You are immune to poison.
You have sharp fingernails.
You are carnivorous and can eat meat at any time.
Your flesh is cold resistant. (rC+)
You are immune to negative energy. (rN+++)
You regenerate slowly when monsters are visible.
You are immune to unholy pain and torment.
You can survive without breathing.


Message History

The ogre is lightly wounded.
The ogre hits you with a giant club!
You slash the ogre!
The ogre is heavily wounded.
The ogre barely misses you.
You hit the ogre.
The ogre is heavily wounded.
The ogre hits you with a giant club!
You hit the ogre.
The ogre is severely wounded.
The ogre hits you with a giant club!
You completely miss the ogre.
The ogre is severely wounded.
The ogre hits you with a giant club!!
* * * LOW HITPOINT WARNING * * *
There is a stone staircase leading up here.
Press: ? - help, Shift-Dir - straight line, f/p - ogre
Aim: an ogre, wielding a giant club (heavily wounded, chance to defeat MR: 82%)
You fail to use your ability.
The ogre hits you with a giant club!
You die...

.......#.#
...##.##.#
.......#.#
#....#.#.#
###..#.#.#
...#.#.#
###.#.#.#
#.#.#.#
########
#.#.#.#
#..sO@.#
#.#.#.#
#.######
#.#.#.# #.#
#.....# #.#
#...#####.#
#.##......#
#.##.######
#....#
######


You could see an ogre and a scorpion.

Vanquished Creatures
  Sigmund (D:3)
  An orc priest (D:3)
  Crazy Yiuf (D:3)
  An orc wizard (D:3)
  Natasha (thrice) (D:3)
  Robin (D:3)
  8 adders
  An ooze (D:2)
  4 worms
  A dart slug (D:1)
  3 leopard geckos
  12 orcs (D:3)
  13 bats
  3 giant cockroaches
  6 hobgoblins
  5 kobolds
  A quokka (D:2)
  A ball python (D:1)
  2 frilled lizards (D:2)
  11 goblins
  7 rats
86 creatures vanquished.

Notes
Turn   | Place    | Note
-------+----------+-------------------------------------------
     0 | Abyss:1  | Gargoyl the Ghoul Abyssal Knight began the quest for the Orb.
     0 | Abyss:1  | Reached XP level 1. HP: 19/19 MP: 1/1
    37 | Abyss:1  | Found a basalt altar of Yredelemnul.
    91 | Abyss:2  | Noticed a starcursed mass
   102 | Abyss:2  | Noticed a rust devil
   110 | Abyss:2  | Noticed a hellwing
   112 | Abyss:2  | Noticed a quasit
   118 | D:1      | Escaped the Abyss
   543 | D:1      | Reached XP level 2. HP: 12/26 MP: 2/2
   598 | D:1      | Reached * piety under Lugonu
   887 | D:1      | Reached skill level 1 in Dodging
   887 | D:1      | Reached XP level 3. HP: 31/31 MP: 3/3
  1356 | D:2      | Reached XP level 4. HP: 30/39 MP: 4/4
  2026 | D:2      | Reached ** piety under Lugonu
  2026 | D:2      | Reached XP level 5. HP: 45/45 MP: 6/6
  2174 | D:3      | Noticed Robin
  2192 | D:3      | Killed Robin
  2254 | D:3      | Noticed Natasha
  2264 | D:3      | Killed Natasha
  2284 | D:3      | Noticed Natasha
  2290 | D:3      | Killed Natasha
  2290 | D:3      | Reached XP level 6. HP: 51/52 MP: 7/7
  2312 | D:3      | Found a blossoming altar of Fedhas.
  2455 | D:3      | Noticed Natasha
  2467 | D:3      | Killed Natasha
  2807 | D:3      | Noticed Sigmund
  2829 | D:3      | Killed Sigmund
  2829 | D:3      | Reached XP level 7. HP: 32/59 MP: 8/8
  2841 | D:3      | Found a runed door.
  2845 | D:3      | Noticed Crazy Yiuf
  2860 | D:3      | Killed Crazy Yiuf
  2860 | D:3      | Reached *** piety under Lugonu
  3142 | D:4      | Mangled by an ogre

Skill      XL: |  1  2  3  4  5  6 |
---------------+-------------------+-----
Armour         | 2 3 4 |  4.4
Axes           | 2 3 |  3.8
Dodging        | 1 |  1.5
Invocations    | 3 |  3.6
Fighting       | 4 |  4.3
Shields        | |  0.8

Action                   |  1- 3 |  4- 6 |  7- 9 || total
-------------------------+-------+-------+-------++-------
Melee: Hand axe          |   138 |   117 |       ||   255
       War axe           |       |   148 |    19 ||   167
Throw: Javelin           |       |       |     2 ||     2
Invok: Depart the Abyss  |     1 |       |       ||     1
  Use: Scroll            |       |    11 |       ||    11
 Stab: Invisible         |       |       |     1 ||     1
  Eat: Chunk             |    13 |    33 |     5 ||    51
Armor: Plate armour      |   140 |   284 |     6 ||   430
       Ring mail         |     1 |       |       ||     1
Dodge: Dodged            |    42 |    79 |     4 ||   125
Block: Buckler           |       |    26 |     4 ||    30
